 Dungeon Crawl Stone Soup version 0.31-a0-1405-g2bb1a01664 (webtiles) character file.

Game seed: 3311676576256235091

60 Aldia the Trooper (level 4, 45/45 HPs)
             Began as an Oni Warper on Dec 26, 2023.
             Quit the game on level 2 of the Dungeon.
             The game lasted 00:02:50 (1906 turns).

Aldia the Trooper (Oni Warper)                      Turns: 1906, Time: 00:02:50

Health: 45/45      AC:  3    Str: 17    XL:     4   Next: 4%
Magic:  7/7        EV:  9    Int: 14    God:
Gold:   82         SH:  0    Dex:  8    Spells: 6/8 levels left

rFire   . . .        a - +0 mace
rCold   . . .        (no shield)
rNeg    . . .        b - +0 robe
rPois   .            (helmet restricted)
rElec   .            (no cloak)
rCorr   .            (gloves unavailable)
SInv    .            (boots unavailable)
Will    .....        (no amulet)
Stlth   +            (no ring)
HPRegen 0.27/turn    (no ring)
MPRegen 0.10/turn

%: no passive effects
@: no status effects
A: large, unfitting armour, horns 1, tough skin 1, double potion healing,
drunken brawling
a: no special abilities


You were on level 2 of the Dungeon.
You visited 1 branch of the dungeon, and saw 2 of its levels.

You collected 82 gold pieces.

Inventory:

Hand Weapons
 a - a +0 mace (weapon)
Missiles
 d - 7 darts of dispersal (quivered)
Armour
 b - a +0 robe (worn)
Jewellery
 e - a ring of ice
 o - a +6 ring of intelligence
 q - a +4 ring of protection
 t - a ring of ice
Talismans
 s - a dragon-blood talisman
Scrolls
 c - 2 scrolls of blinking
 g - 3 scrolls of identify {unknown}
 i - a scroll of brand weapon {unknown}
 j - 2 scrolls of amnesia {unknown}
 k - a scroll of fear {unknown}
 l - a scroll of enchant armour {unknown}
 m - a scroll of enchant weapon {unknown}
 p - a scroll of immolation {unknown}
 r - a scroll of teleportation {unknown}
 u - a scroll of vulnerability {unknown}
Potions
 f - a potion of lignification {unknown}
 h - a potion of curing {unknown}
 n - 2 potions of mutation {unknown}


   Skills:
 + Level 3.5 Fighting
 * Level 3.3 Maces & Flails
 - Level 1.0 Throwing
 - Level 2.1 Dodging
 - Level 2.5 Spellcasting
 + Level 3.1 Translocations


You had 6 spell levels left.
You knew the following spells:

 Your Spells              Type           Power      Damage    Failure   Level
a - Blink                 Tloc           20%        N/A       10%         2

Your spell library contained the following spells:

 Spells                   Type           Power      Damage    Failure   Level
 Lesser Beckoning         Tloc           20%        N/A       10%         2
 Teleport Other           Tloc           10%        N/A       19%         3
 Manifold Assault         Tloc           10%        N/A       52%         4
 Fugue of the Fallen      Necr           1%         N/A       56%         3
 Ozocubu's Armour         Ice            1%         N/A       56%         3
 Vhi's Electric Charge    Tloc/Air       12%        N/A       75%         4
 Metabolic Englaciation   Hex/Ice        0%         N/A       99%         5
 Simulacrum               Ice/Necr       0%         N/A       100%        6


Dungeon Overview and Level Annotations

Branches:
Dungeon (2/15)

Altars:


Innate Abilities, Weirdness & Mutations

You are too large for most types of armour.
You have a pair of small horns on your head.
You have tough skin. (AC +1)
You gain doubled healing and magic from potions.
Whenever you drink a healing potion, you attack all around you.


Message History

A jackal is nearby!
You hit the jackal but do no damage. The jackal barely misses you.
A jackal is nearby!
You thump the jackal!
You kill the jackal!
Things that are here:
a jackal corpse; a jackal corpse; a jackal corpse
Found a mace.
No target in view!
Found a scale mail.
You see here a +0 mace.
No target in view!
You see here a +0 scale mail.
Found a stone staircase leading up.
No target in view!
Done exploring.
No target in view!
Done exploring.
No target in view!
Done exploring.
No target in view!
No target in view!
Done exploring.
No target in view!
Done exploring.
No target in view!
Done exploring.
No target in view!
Done exploring.
No target in view!
Done exploring.
No target in view!
Done exploring.
You see here a +0 scale mail.
You see here a +0 mace.
Things that are here:
a jackal corpse; a jackal corpse; a jackal corpse You see here a staff of air.
There is a stone staircase leading down here.
Are you sure you want to abandon this character and quit the game? (Confirm with "yes".)

..#.........# #.#.#
#....##...##
#.###.#####.# #.#.#
#....###)### #.....#
#.## #.#.###..#........
#.###.#
#..###.#.#.....#.#.....
..#...#
##.....#.#.#..<#....###
###..##
####..#.#.#####.####
#....# ##.#.......#.#
#..#.# #.##..###.#.#
.....# #@.|.## #.#.#
...### ###### #.#.#
#### #.#.# #.#.# #.#.#
#.#.# #.#.# #.#.# #.#.#


There were no monsters in sight!

Vanquished Creatures
  2 worms (D:2)
  2 dart slugs
  3 bats
  2 endoplasms
  2 giant cockroaches (D:1)
  4 goblins
  2 hobgoblins (D:1)
  10 jackals (D:2)
  3 kobolds (D:2)
  2 quokkas
  5 ball pythons
  5 frilled lizards
  3 rats
45 creatures vanquished.

Notes
Turn   | Place    | Note
-------+----------+-------------------------------------------
     0 | D:1      | Aldia the Oni Warper began the quest for the Orb.
     0 | D:1      | Reached XP level 1. HP: 22/22 MP: 3/3
   322 | D:1      | Reached XP level 2. HP: 30/31 MP: 5/5
   472 | D:1      | Learned a level 2 spell: Blink
   909 | D:2      | Reached XP level 3. HP: 28/37 MP: 6/6
  1753 | D:2      | Reached XP level 4. HP: 43/45 MP: 7/7
  1906 | D:2      | Quit the game

Illustrated notes

Levels and vault maps discovered:
D:1:      scummos_arrival_simple_fountains, layout_basic, serial_forest,
          infiniplex_forest_corner_1, infiniplex_forest_lined_corner,
          infiniplex_forest_corner_1, infiniplex_forest_straight_2,
          infiniplex_forest_diagonal, infiniplex_forest_clump_curved,
          minmay_misc_feat_diagonals, chequers_serial_rivers_small_3,
          minmay_split_cup_small
D:2:      layout_basic, minmay_misc_feat_enclosed, minmay_quantized

Skill      XL: |  1  2  3 |
---------------+----------+-----
Fighting       | 3 |  3.5
Translocations | 3 |  3.1
Maces & Flails | 3 |  3.3
Throwing       | |  1.0
Dodging        | |  2.1
Spellcasting   | |  2.5

Action                     |  1- 3 |  4- 6 || total
---------------------------+-------+-------++-------
  Melee: Mace              |   123 |    17 ||   140
         Headbutt          |    13 |     1 ||    14
         Punch             |     1 |     1 ||     2
 Armour: Robe              |   124 |     9 ||   133
  Dodge: Dodged            |    79 |    18 ||    97

Table legend: (Time is in decaauts)
 A = Elapsed time spent in this place.
 B = Non-inter-level travel time spent in this place.
 C = Inter-level travel time spent in this place.
 D = Time resting spent in this place.
 E = Time spent auto-exploring this place.
 F = Levels seen in this place.
 G = Mean time per level.
                   A        B        C        D        E       F      G
               +--------+--------+--------+--------+--------+-----+--------+
         Total |   1942 |   1828 |    114 |      0 |   1483 |   2 |  971.0 |
       Dungeon |   1942 |   1828 |    114 |      0 |   1483 |   2 |  971.0 |
               +--------+--------+--------+--------+--------+-----+--------+

Top non-repeatable levels by time:
     D:2: 1034 daAuts
     D:1: 908 daAuts
